 Dungeon Crawl Stone Soup version 0.26-a0-639-g72c4674329 (webtiles) character file.

Game seed: 15990280096441823498

29 PentaManta the Covered (level 3, 0/25 HPs)
             Began as a Halfling Abyssal Knight on Sept 18, 2020.
             Succumbed to an adder's poison
             ... on level 2 of the Dungeon.
             The game lasted 00:05:20 (1366 turns).

PentaManta the Covered (Halfling Abyssal Knight)    Turns: 1366, Time: 00:05:21

Health: 0/25       AC:  6    Str: 14    XL:     3   Next: 32%
Magic:  4/4        EV: 13    Int: 10    God:
Gold:   30         SH:  0    Dex: 13    Spells: 2/2 levels left

rFire    . . .     SeeInvis .   g - +0 dagger
rCold    . . .     Faith    .   (shield restricted)
rNeg     . . .     Spirit   .   j - +0 ring mail
rPois    .         Reflect  .   (no helmet)
rElec    .         Harm     .   h - +0 cloak
rCorr    .         Rampage  .   (no gloves)
MR       .....                  (no boots)
Stlth    +.........             (no amulet)
HPRegen  0.08/turn              (no ring)
MPRegen  0.09/turn              (no ring)

@: lethally poisoned (0 -> -11)
A: small, mutation resistance 1
a: no special abilities


You were on level 2 of the Dungeon.
You visited 1 branch of the dungeon, and saw 2 of its levels.
You visited the Abyss 1 time.

You collected 30 gold pieces.

Inventory:

Hand Weapons
 a - a +1 falchion
 g - a +0 dagger (weapon)
Missiles
 d - 5 sling bullets
 f - 6 stones (quivered)
Armour
 h - a +0 cloak (worn)
 i - a +0 plate armour
 j - a +0 ring mail (worn)


   Skills:
 - Level 2.6 Fighting
 + Level 2.5 Long Blades
 + Level 2.8 Armour
 + Level 2.0 Dodging
   Level 2.0 Invocations


You had 2 spell levels left.
You didn't know any spells.
Your spell library was empty.

Dungeon Overview and Level Annotations

Branches:
Dungeon (2/15)

Altars:


Innate Abilities, Weirdness & Mutations

You are small and have problems with some larger weapons.
You are somewhat resistant to further mutation.


Message History

Lugonu does not appreciate desertion!
A rat comes into view.
A kobold comes into view. It is wielding a -3 dagger.
The adder bites you but does no damage.
The quokka twitches its whiskers.
The quokka barely misses you.
* * * LOW HITPOINT WARNING * * *
You feel sick.
The kobold shouts!
You hear an angry hiss.
The quokka barely misses you. The goblin misses you.
The rat twitches its whiskers.
The adder bites you.
* * * LOW HITPOINT WARNING * * *
You are more poisoned.
The adder poisons you! The goblin misses you.
* * * LOW HITPOINT WARNING * * *
You feel sick.
* * * LOW HITPOINT WARNING * * *
You feel sick.
You die...

.... #... #..# #..#
...........##..#
..........##..#
g........ #..# ...g...
#@.# ..... #..# #...#
#Sg# # #.g.# #r.###.##
#...# #.g...r.. #.=.#
#g.K###.#
######..g#####.......#
#........ggg.g..####..
#.####...#####.##


You could see 3 gnolls, an adder, a quokka, a goblin and a kobold.

Vanquished Creatures
  4 dart slugs (D:1)
  A leopard gecko (D:1)
  2 bats (D:1)
  A giant cockroach (D:1)
  2 goblins (D:1)
  2 hobgoblins (D:1)
  4 kobolds (D:1)
  3 rats
19 creatures vanquished.

Notes
Turn   | Place    | Note
-------+----------+-------------------------------------------
     0 | Abyss:1  | PentaManta the Halfling Abyssal Knight began the quest for
                  | the Orb.
     0 | Abyss:1  | Reached XP level 1. HP: 15/15 MP: 2/2
     2 | Abyss:1  | Found a corrupted altar of Lugonu.
    39 | Abyss:1  | Noticed a thrashing horror
    41 | D:1      | Escaped the Abyss
   177 | D:1      | Reached XP level 2. HP: 18/20 MP: 3/3
   263 | D:1      | Reached * piety under Lugonu
   867 | D:1      | Reached XP level 3. HP: 22/25 MP: 4/4
  1361 | D:2      | Fell from the grace of Lugonu
  1365 | D:2      | HP: 1/25 [poisoned by an adder]
  1366 | D:2      | Succumbed to an adder's poison

Illustrated notes

Levels and vault maps discovered:
D:1:      matt_arrival_grand_opening, layout_basic
D:2:      layout_basic, uniq_terence

Skill      XL: |  1  2  3 |
---------------+----------+-----
Dodging        | 2 |  2.0
Fighting       | |  2.6
Long Blades    | |  2.5
Armour         | |  2.8
Invocations    | |  2.0

Action                   || total
-------------------------++-------
Melee: Falchion          ||     9
       Dagger            ||   122
Throw: Stone             ||     3
Invok: Depart the Abyss  ||     1
       Renounce Religion ||     1
  Use: Scroll            ||     3
Armor: Leather armour    ||    13
       Ring mail         ||    14
Dodge: Dodged            ||    80
       Rpst.: Falchion   ||     3

Table legend: (Time is in decaauts)
 A = Elapsed time spent in this place.
 B = Non-inter-level travel time spent in this place.
 C = Inter-level travel time spent in this place.
 D = Time resting spent in this place.
 E = Time spent auto-exploring this place.
 F = Levels seen in this place.
 G = Mean time per level.
                   A        B        C        D        E       F      G
               +--------+--------+--------+--------+--------+-----+--------+
         Total |   1357 |   1351 |      6 |      4 |    987 |   3 |  452.3 |
       Dungeon |   1314 |   1308 |      6 |      4 |    987 |   2 |  657.0 |
         Abyss |     42 |     42 |      0 |      0 |      0 |   1 |   42.0 |
               +--------+--------+--------+--------+--------+-----+--------+

Top non-repeatable levels by time:
     D:1: 1237 daAuts
     D:2: 76 daAuts
 Abyss:1: 42 daAuts
